 Dungeon Crawl Stone Soup version 0.28.0-45-g0d030f2227 (webtiles) character file.

Game seed: 17567713633471380194

113 Ablot the Cutter (level 4, 0/41 HPs)
             Began as a Gnoll Chaos Knight on Apr 12, 2022.
             Was a Plaything of Xom.
             Slain by an orc priest
             ... wielding a +0 hand axe
              (3 damage)
             ... on level 3 of the Dungeon.
             The game lasted 00:02:32 (2301 turns).

Ablot the Cutter (Gnoll Chaos Knight)               Turns: 2301, Time: 00:02:32

Health: 0/41       AC:  5    Str: 14    XL:     4   Next: 96%
Magic:  5/5        EV: 16    Int: 17    God:    Xom [......]
Gold:   92         SH:  0    Dex: 11    Spells: 5/5 levels left

rFire   . . .      SeeInvis .   a - +0 short sword (chaos)
rCold   . . .      Faith    .   (no shield)
rNeg    . . .      Spirit   .   b - +2 leather armour
rPois   .          Reflect  .   (no helmet)
rElec   .          Harm     .   (no cloak)
rCorr   .          Rampage  .   (no gloves)
Will    .....                   (no boots)
Stlth   +.........              (no amulet)
HPRegen 0.13/turn               i - +6 ring of intelligence
MPRegen 0.09/turn               m - +4 ring of evasion

@: no status effects
A: fangs 1, strong nose, distributed training
a: Renounce Religion


You were on level 3 of the Dungeon.
You worshipped Xom.
You were a very special plaything of Xom.
You visited 1 branch of the dungeon, and saw 3 of its levels.

You collected 92 gold pieces.

Inventory:

Hand Weapons
 a - a +0 short sword of chaos (weapon)
Missiles
 e - 97 stones (quivered)
 g - 38 arrows
Armour
 b - a +2 leather armour (worn)
Jewellery
 i - a +6 ring of intelligence (left hand)
 m - a +4 ring of evasion (right hand)
Scrolls
 d - 2 scrolls of amnesia {unknown}
 f - a scroll of noise {unknown}
 h - a scroll of magic mapping {unknown}
 j - 2 scrolls of identify {unknown}
 k - a scroll of teleportation {unknown}
 l - a scroll of holy word {unknown}
Potions
 c - 2 potions of brilliance {unknown}


   Skills:
 + Level 6.6 Fighting
 + Level 6.6 Short Blades
 + Level 1.3 Long Blades
 + Level 1.3 Axes
 + Level 1.3 Maces & Flails
 + Level 1.3 Polearms
 + Level 1.3 Staves
 + Level 1.3 Slings
 + Level 1.3 Bows
 + Level 1.3 Crossbows
 + Level 1.3 Throwing
 + Level 4.7 Armour
 + Level 2.8 Dodging
 + Level 1.3 Stealth
 + Level 1.3 Shields
 + Level 1.3 Unarmed Combat
 + Level 1.3 Spellcasting
 + Level 1.0 Conjurations
 + Level 1.0 Hexes
 + Level 1.0 Summonings
 + Level 1.0 Necromancy
 + Level 1.0 Translocations
 + Level 1.0 Transmutations
 + Level 1.0 Fire Magic
 + Level 1.0 Ice Magic
 + Level 1.0 Air Magic
 + Level 1.0 Earth Magic
 + Level 1.0 Poison Magic
 + Level 1.4 Invocations
 + Level 1.3 Evocations


You had 5 spell levels left.
You didn't know any spells.
Your spell library contained the following spells:

 Spells                   Type           Power      Damage    Failure   Level
 Confusing Touch          Hex            4%         N/A       45%         3
 Yara's Violent Unravell  Hex/Tmut       2%         3d3       99%         5
 Enfeeble                 Hex            2%         N/A       100%        7


Dungeon Overview and Level Annotations

Branches:
Dungeon (3/15)

Altars:
Vehumet
Yredelemnul


Innate Abilities, Weirdness & Mutations

You have very sharp teeth.
Your uncanny sense of smell can sniff out nearby items.
Your experience applies equally to all skills.


Message History

Your Translocations skill increases to level 1!
Your Transmutations skill increases to level 1!
Your Fire Magic skill increases to level 1!
Your Ice Magic skill increases to level 1!
Your Air Magic skill increases to level 1!
Your Earth Magic skill increases to level 1!
Your Poison Magic skill increases to level 1!
You hit something. You freeze something.
You hear a splash.
Reactivating autopickup.
You feel a bit more experienced.
You hit the orc but do no damage. Lightning courses through the orc!
You kill the orc!
You hear a splash.
You are now a special plaything of Xom.
The orc priest mumbles some strange prayers to Beogh against you.
Beogh smites you!
The orc priest calls down the wrath of Beogh upon you.
You barely resist.
The orc priest invokes the aid of Beogh against you.
Beogh smites you!
You barely miss the orc priest. You barely miss the orc priest.
The orc priest mumbles some strange prayers to Beogh against you.
Beogh smites you!
* * * LOW HITPOINT WARNING * * *
You hit the orc priest. You burn the orc priest.
The orc priest is severely wounded.
You hit the orc priest but do no damage.
The orc priest is severely wounded.
The orc priest hits you with a +0 hand axe.
* * * LOW HITPOINT WARNING * * *
You barely miss the orc priest.
The orc priest is severely wounded.
You are now a very special plaything of Xom.
The orc priest barely misses you.
You barely miss the orc priest.
The orc priest is severely wounded.
The orc priest hits you with a +0 hand axe.
You die...

#. ≈♣. ≈≈.♣# ...
≈≈≈.≈≈♣≈## ## #.≈♣
.≈≈≈.≈≈.# #.
#.≈.♣.≈.≈..≈.# #.
#..≈♣.≈≈≈...#### ##.
#≈.≈.≈..#≈.......####..
#.≈..o♣≈#≈≈# #.......
♣@≈..######.###... #.#
#<................ #.#
##..#######.......# #.#
#.......# #.#.....# #.#
#...###.# #.......# #
#.# #...# #.# ##......>
###.# #...#
#.####....... .##.#
#...###..)......#..
....#
#.............###..


You could see an orc priest.

Vanquished Creatures
  An orc wizard (D:3)
  3 adders
  A dart slug (D:1)
  2 orcs (D:3)
  3 ball pythons
  5 endoplasms
  2 goblins
  4 hobgoblins
  10 jackals
  4 quokkas
  7 bats
  4 frilled lizards (D:1)
  5 kobolds
  4 rats
55 creatures vanquished.

Notes
Turn   | Place    | Note
-------+----------+-------------------------------------------
     0 | D:1      | Ablot the Gnoll Chaos Knight began the quest for the Orb.
     0 | D:1      | Reached XP level 1. HP: 23/23 MP: 1/1
   135 | D:1      | Found a faded altar of an unknown god.
   150 | D:1      | Reached XP level 2. HP: 20/29 MP: 2/2
   373 | D:1      | XOM: silly message
   410 | D:1      | XOM: stat loss: -1 Dex (10/11)
   452 | D:1      | XOM: divination: detect creatures
   490 | D:1      | XOM: enchant monster (good)
   585 | D:1      | Reached XP level 3. HP: 33/35 MP: 3/3
   661 | D:1      | XOM: divination: detect items
  1061 | D:2      | Reached skill level 1 in Invocations
  1119 | D:2      | Reached skill level 1 in Long Blades
  1119 | D:2      | Reached skill level 1 in Axes
  1119 | D:2      | Reached skill level 1 in Maces & Flails
  1119 | D:2      | Reached skill level 1 in Polearms
  1119 | D:2      | Reached skill level 1 in Staves
  1119 | D:2      | Reached skill level 1 in Slings
  1119 | D:2      | Reached skill level 1 in Bows
  1119 | D:2      | Reached skill level 1 in Crossbows
  1119 | D:2      | Reached skill level 1 in Throwing
  1119 | D:2      | Reached skill level 1 in Stealth
  1119 | D:2      | Reached skill level 1 in Shields
  1119 | D:2      | Reached skill level 1 in Unarmed Combat
  1119 | D:2      | Reached skill level 1 in Spellcasting
  1119 | D:2      | Reached skill level 1 in Evocations
  1176 | D:2      | Reached XP level 4. HP: 38/41 MP: 5/5
  1924 | D:3      | Found a basalt altar of Yredelemnul.
  1925 | D:3      | Found a radiant altar of Vehumet.
  1980 | D:3      | XOM: stat loss: -1 Dex (10/11)
  2286 | D:3      | Reached skill level 1 in Conjurations
  2286 | D:3      | Reached skill level 1 in Hexes
  2286 | D:3      | Reached skill level 1 in Summonings
  2286 | D:3      | Reached skill level 1 in Necromancy
  2286 | D:3      | Reached skill level 1 in Translocations
  2286 | D:3      | Reached skill level 1 in Transmutations
  2286 | D:3      | Reached skill level 1 in Fire Magic
  2286 | D:3      | Reached skill level 1 in Ice Magic
  2286 | D:3      | Reached skill level 1 in Air Magic
  2286 | D:3      | Reached skill level 1 in Earth Magic
  2286 | D:3      | Reached skill level 1 in Poison Magic
  2301 | D:3      | Slain by an orc priest

Illustrated notes

Levels and vault maps discovered:
D:1:      minmay_arrival_plants_in_alcoves, layout_loops_ring,
          hellmonk_ecumenical_altar_arch_garden, serial_bayou_pond_d
D:2:      layout_loops_cross, minmay_puff
D:3:      layout_loops_ring, gammafunk_temple_overflow_statue,
          serial_park_tiny_pond, chequers_serial_rivers_marsh,
          hangedman_decor_points

Skill      XL: |  1  2  3  4 |
---------------+-------------+-----
Invocations    | 1 |  1.4
Long Blades    | 1 |  1.3
Axes           | 1 |  1.3
Maces & Flails | 1 |  1.3
Polearms       | 1 |  1.3
Staves         | 1 |  1.3
Slings         | 1 |  1.3
Bows           | 1 |  1.3
Crossbows      | 1 |  1.3
Throwing       | 1 |  1.3
Stealth        | 1 |  1.3
Shields        | 1 |  1.3
Unarmed Combat | 1 |  1.3
Spellcasting   | 1 |  1.3
Evocations     | 1 |  1.3
Conjurations   | 1 |  1.0
Hexes          | 1 |  1.0
Summonings     | 1 |  1.0
Necromancy     | 1 |  1.0
Translocations | 1 |  1.0
Transmutations | 1 |  1.0
Fire Magic     | 1 |  1.0
Ice Magic      | 1 |  1.0
Air Magic      | 1 |  1.0
Earth Magic    | 1 |  1.0
Poison Magic   | 1 |  1.0
Fighting       | |  6.6
Short Blades   | |  6.6
Armour         | |  4.7
Dodging        | |  2.8

Action                   |  1- 3 |  4- 6 || total
-------------------------+-------+-------++-------
Melee: Short sword       |   112 |    55 ||   167
       Bite              |    11 |     4 ||    15
       Punch             |     2 |     1 ||     3
 Stab: Petrified         |     1 |       ||     1
Armor: Leather armour    |    38 |    18 ||    56
Dodge: Dodged            |    66 |    28 ||    94
